 Dungeon Crawl Stone Soup version 0.15.0-14-g6bbbb5c (console) character file.

4 gw the Skirmisher (level 1, 0/19 HPs)
             Began as a Centaur Abyssal Knight on Sept 4, 2014.
             Was a Follower of Lugonu.
             Slain by an ooze (3 damage)
             ... on Level 1 of the Dungeon.
             The game lasted 00:00:22 (159 turns).

gw the Skirmisher (Centaur Abyssal Knight)           Turns: 159, Time: 00:00:22

HP   0/19        AC  4     Str 14      XL: 1   Next: 50%
MP   1/1         EV  9     Int 11      God: Lugonu [*.....]
Gold 0           SH  0     Dex  8      Spells:  0 memorised,  0 levels left

rFire  . . .     SeeInvis .     a - +1 spear
rCold  . . .     Clarity  .     b - +0 leather armour
rNeg   . . .     rCorr    .     (no shield)
rPois  .         rRot     .     (no helmet)
rElec  .         Spirit   .     (no cloak)
SustAb .         Warding  .     (no gloves)
rMut   .         Stasis   .     (no barding)
Gourm  .                        (no amulet)
MR     .....                    (no ring)
                                (no ring)

@: very quick, not resistant to hostile enchantments, extremely unstealthy
A: hooves 3, deformed body, speed 2, tough skin 3
a: Depart the Abyss, Renounce Religion


You were on level 1 of the Dungeon.
You worshipped Lugonu.
Lugonu was aware of your devotion.
You were not hungry.

You visited 1 branch of the dungeon, and saw 1 of its levels.
You visited the Abyss 1 time.

Inventory:

Hand weapons
 a - a +1 spear (weapon)
Armour
 b - a +0 leather armour (worn)
Comestibles
 c - a bread ration
Scrolls
 d - a scroll of fog {unknown}


   Skills:
 + Level 3.0 Fighting
 + Level 1.7 Polearms
 * Level 0.6 Throwing
 + Level 1.5 Armour
 - Level 0.6 Dodging
 + Level 2.0 Invocations


You couldn't memorise any spells.
You didn't know any spells.

Dungeon Overview and Level Annotations

Branches:
Dungeon (1/15)

Altars:


Innate Abilities, Weirdness & Mutations

You have hooves in place of feet.
Armour fits poorly on your strangely shaped body.
You cover ground very quickly.
You have extremely tough skin (AC +3).


Message History

You hit the jackal. You kick the jackal.
You kill the jackal!
Lugonu accepts your kill. The jackal barely misses you.
The rat closely misses you. The jackal bites you.
The giant cockroach bites you.
FLEEEEING!
ATTACKING (-1,-1)
You hit the giant cockroach but do no damage.
The jackal bites you. The jackal barely misses you.
The rat bites you but does no damage. The ooze hits you. The jackal bites you.
The giant cockroach closely misses you.
FLEEEEING!
ATTACKING (-1,-1)
You barely miss the giant cockroach. Your kick misses the giant cockroach.
The jackal bites you. The goblin hits you.
The giant cockroach bites you but does no damage.
The jackal barely misses you. The rat bites you but does no damage.
The giant cockroach bites you but does no damage.
The ooze hits you.
You die...

l......................
..........l......>......
.##..####......?........
.......s.................
..#..l###.#..............
......# #.$..l...........
......#.......l...........
........#..#...shh........
.......#..###..gcr.#.....#
..........# #..sJ#.# ###.
...#...##.# #.#..#.#
....................
....... ........#..# ...#.
. ######..# .... ... ##..
. .. .


You could see an ooze, 2 jackals, 2 giant cockroaches, a goblin, 2 giant newts
and a rat.

Table legend:
 A = Turns spent in this place as a percentage of turns spent in the entire game.
 B = Non-inter-level travel turns spent in this place as a percentage of non-inter-level travel turns spent in the entire game.
 C = Inter-level travel turns spent in this place as a percentage of turns spent in this place.
 D = Turns resting spent in this place as a percentage of non-inter-level travel turns spent in this place.
 E = Turns spent auto-exploring this place as a percentage of non-inter-level travel turns spent in this place.
 F = Non-inter-level travel turns spent in this place divided by the number of levels of this place that you've seen.
                   A       B       C       D       E      F
               +-------+-------+-------+-------+-------+----------------------
         Total | 100.0 | 100.0 |   0.0 |   0.0 |   3.9 |  77.5
       Dungeon |  94.2 |  94.2 |   0.0 |   0.0 |   3.4 | 146.0
         Abyss |   5.8 |   5.8 |   0.0 |   0.0 |  11.1 |   9.0
               +-------+-------+-------+-------+-------+----------------------

Table legend:
 A = Kills in this place as a percentage of kills in entire the game.
 B = Kills by you in this place as a percentage of kills by you in the entire game.
 C = Kills by friends in this place as a percentage of kills by friends in the entire game.
 D = Other kills in this place as a percentage of other kills in the entire game.
 E = Experience gained in this place as a percentage of experience gained in the entire game.
 F = Experience gained in this place divided by the number of levels of this place that you have seen.
                   A       B       C       D       E      F
               +-------+-------+-------+-------+-------+----------------------
         Total | 100.0 | 100.0 |  -nan |  -nan | 100.0 |   3.0
       Dungeon | 100.0 | 100.0 |  -nan |  -nan | 100.0 |   6.0
               +-------+-------+-------+-------+-------+----------------------

Vanquished Creatures
  An ooze (D:1)
  A jackal (D:1)
2 creatures vanquished.

Notes
Turn   | Place    | Note
--------------------------------------------------------------
     0 | Abyss:1  | gw, the Centaur Abyssal Knight, began the quest for the Orb.
     0 | Abyss:1  | Reached XP level 1. HP: 19/19 MP: 1/1
     8 | D:1      | Escaped the Abyss
   159 | D:1      | Slain by an ooze

Action                   || total
-------------------------++-------
Melee: Spear             ||    15

Vault maps used:
D:1:      minmay_arrival_semitransparent
